 Dungeon Crawl Stone Soup version 0.31-a0-844-gdc52ec4e09 (webtiles) character file.

Game seed: 9866451879421493836

5 Bravepunisher the Ducker (level 1, 11/11 HPs)
             Began as a Spriggan Monk on Sept 28, 2023.
             Quit the game in the Ecumenical Temple.
             The game lasted 00:01:53 (355 turns).

Bravepunisher the Ducker (Spriggan Monk)             Turns: 355, Time: 00:01:54

Health: 11/11      AC:  2    Str:  7    XL:     1   Next: 66%
Magic:  2/2        EV: 18    Int: 11    God:
Gold:   14         SH:  0    Dex: 17    Spells: 0/0 levels left

rFire   . . .        a - +0 short sword
rCold   . . .        (no shield)
rNeg    . . .        b - +0 robe
rPois   .            (helmet restricted)
rElec   .            (no cloak)
rCorr   .            (gloves unavailable)
SInv    +            (boots unavailable)
Will    .....        (no amulet)
Stlth   ++           (no ring)
HPRegen 0.21/turn    (no ring)
MPRegen 0.08/turn

%: no passive effects
@: very quick
A: very small, no large weapons, unfitting armour, see invisible, speed 3
a: no special abilities


You were in the Ecumenical Temple.
You visited 2 branches of the dungeon, and saw 6 of its levels.

You collected 14 gold pieces.

Inventory:

Hand Weapons
 a - a +0 short sword (weapon)
Armour
 b - a +0 robe (worn)
Scrolls
 d - a scroll of silence {unknown}
Potions
 c - a potion of ambrosia


   Skills:
 * Level 2.6 Fighting
 - Level 3.2 Short Blades
 + Level 4.1 Dodging


You couldn't memorise any spells.
You didn't know any spells.
Your spell library was empty.

Dungeon Overview and Level Annotations

Branches:
Dungeon (7/15)             Temple (1/1) D:7

Altars:
Ashenzari
Dithmenos
Fedhas
Qazlal
Ru
Sif Muna
Trog
Uskayaw
Vehumet
Wu Jian
The Shining One


Innate Abilities, Weirdness & Mutations

You are very small and have problems with some larger weapons.
You are too small for most types of armour.
You have supernaturally acute eyesight. (SInv)
You cover ground extremely quickly. (Speed+++)


Message History

There is a stone staircase leading up here.
A goblin comes into view. It is wielding a +0 club.
The goblin shouts!
There is a shaft here.
Found 4 gold pieces.
A hobgoblin comes into view.
Found 5 stones and a dagger.
Found a stone staircase leading down.
The hobgoblin shouts!
Found a blackened copper amulet.
Found a club.
The hobgoblin hits you.
A kobold comes into view. It is wielding a +0 short sword.
The kobold shouts!
You hear a bark!
A hound comes into view.
An endoplasm comes into view.
The kobold throws a stone.
The stone hits you but does no damage. The hound bites you.
The hound attacks as it pursues you! The hound barely misses you.
The kobold throws a stone.
The stone barely misses you. The hound closely misses you.
Found a fuming grey potion.
Found a scroll labelled HOT PEOWEZABU.
The hound completely misses you. The hound attacks as it pursues you!
The hound closely misses you. The hound attacks as it pursues you!
The hound bites you. The hound attacks as it pursues you!
The hound completely misses you. The goblin hits you with a +0 club.
There is a shaft, spattered with blood here.
You fall into a shaft and drop 3 floors!
The shaft crumbles and collapses.
Found 10 gold pieces and a dazzling quarterstaff.
HP restored.
You now have 14 gold pieces (gained 10).
You see here the +3 quarterstaff of Massacring {venom, rC+ SInv Stlth-}.
You open the door.
Found a staircase to the Ecumenical Temple.
There is an open door here.
There is a staircase to the Ecumenical Temple here.
You climb downwards.
Welcome to the Ecumenical Temple!
Found a shadowy altar of Dithmenos and a broken altar of Ashenzari.
Found a staircase back to the Dungeon.
There is a staircase back to the Dungeon here.
Are you sure you want to abandon this character and quit the game? (Confirm with "yes".)

≈≈≈≈≈≈≈≈≈≈≈≈≈≈≈≈≈≈≈≈≈≈≈≈≈≈≈≈#####
≈≈≈≈≈≈≈≈≈≈≈≈≈≈≈≈≈≈≈≈≈≈≈≈≈≈≈≈#####
≈≈≈≈≈≈≈≈≈≈≈≈≈≈≈≈≈≈≈≈≈≈≈≈≈≈≈≈#####
~≈~~≈~≈~~~~~~~≈≈≈≈≈≈≈≈≈≈≈≈≈≈#####
#...#.##~##~.#~≈≈≈≈≈≈≈≈≈≈≈≈≈#####
..._~.~_~.._~8#≈~≈≈≈≈≈≈≈≈≈≈≈#####
~~~..~~....~~.#.#~~≈≈≈≈≈≈≈≈≈#####
~~.~~...~.~..~.8...~≈≈≈≈≈≈≈≈#####
.~~.~~.~~.~~~~..@~~≈≈≈≈≈≈≈≈≈#####
~~...~~~~~..~~~..8~≈≈≈≈≈≈≈≈≈#####
~.~~..~.....~~~.#.#≈≈≈≈≈≈≈≈≈#####
~.._..~.~8~_~.#≈~~~≈≈≈≈≈≈≈≈≈#####
~#~##.~~.~#~###~~≈≈≈≈≈≈≈≈≈≈≈#####
≈~~~≈~~~~≈~≈≈~~~≈≈≈≈≈≈≈≈≈≈≈≈#####
~≈≈≈≈≈≈≈≈≈≈≈~≈≈≈≈≈≈≈≈≈≈≈≈≈≈≈#####
≈≈≈≈≈≈≈≈≈≈≈≈≈~≈≈≈≈≈≈≈≈≈≈≈≈≈≈#####
≈≈≈≈≈≈≈≈≈≈≈≈≈≈~≈≈≈≈≈≈≈≈≈≈≈≈≈#####


There were no monsters in sight!

Vanquished Creatures
  A ball python (D:1)
  An endoplasm (D:2)
  A hobgoblin (D:1)
  A kobold (D:1)
4 creatures vanquished.

Notes
Turn   | Place    | Note
-------+----------+-------------------------------------------
     0 | D:1      | Bravepunisher the Spriggan Monk began the quest for the
                  | Orb.
     0 | D:1      | Reached XP level 1. HP: 11/11 MP: 2/2
   215 | D:4      | Noticed an iguana
   250 | D:4      | Noticed a hound
   303 | D:4      | You fall into a shaft and drop 3 floors!
   342 | D:7      | Identified the +3 quarterstaff of Massacring {venom, rC+
                  | SInv Stlth-}
   348 | D:7      | Found a staircase to the Ecumenical Temple.
   354 | Temple   | Entered the Ecumenical Temple
   355 | Temple   | Quit the game

Illustrated notes

Levels and vault maps discovered:
D:1:      mainiacjoe_arrival_reflecting_pool, layout_loops_corners,
          chequers_jeans, fountainhead
D:2:      minmay_chambers_of_ones, layout_basic,
          shapermc_ecumenical_altar_ellora, basic_altar
D:3:      layout_basic, grunt_ministairs_14, hangedman_decor_riveting,
          uniq_natasha
D:4:      layout_layer_cave
D:7:      layout_basic, nicolae_overflow_hidden_temple,
          minmay_temple_entry_hall, nicolae_shop_gadgets
Temple:   chequers_temple_sunken

Action                     || total
---------------------------++-------
  Melee: Short sword       ||    24
 Armour: Robe              ||     8
  Dodge: Dodged            ||    30

Table legend: (Time is in decaauts)
 A = Elapsed time spent in this place.
 B = Non-inter-level travel time spent in this place.
 C = Inter-level travel time spent in this place.
 D = Time resting spent in this place.
 E = Time spent auto-exploring this place.
 F = Levels seen in this place.
 G = Mean time per level.
                   A        B        C        D        E       F      G
               +--------+--------+--------+--------+--------+-----+--------+
         Total |    252 |    252 |      0 |      0 |    132 |   6 |   42.0 |
       Dungeon |    251 |    251 |      0 |      0 |    132 |   5 |   50.2 |
        Temple |      0 |      0 |      0 |      0 |      0 |   1 |    0.0 |
               +--------+--------+--------+--------+--------+-----+--------+

Top non-repeatable levels by time:
     D:1: 107 daAuts
     D:4: 52 daAuts
     D:7: 44 daAuts
     D:2: 39 daAuts
     D:3: 7 daAuts
  Temple: 0 daAuts
